 Dungeon Crawl Stone Soup version 0.27-a0-836-gfc908b8576 (webtiles) character file.

Game seed: 8323500813192607787

20 gruber the Insei (level 2, 0/18 HPs)
             Began as an Octopode Transmuter on Apr 2, 2021.
             Killed from afar by Sigmund (12 damage)
             ... with a puff of flame
             ... on level 2 of the Dungeon.
             The game lasted 00:02:03 (1379 turns).

gruber the Insei (Octopode Transmuter)              Turns: 1379, Time: 00:02:03

Health: 0/18       AC:  1    Str:  9    XL:     2   Next: 79%
Magic:  4/5        EV: 13    Int: 15    God:
Gold:   7          SH:  0    Dex: 12    Spells: 4/5 levels left

rFire    . . .     SeeInvis .     - Unarmed
rCold    . . .     Faith    .   (no shield)
rNeg     . . .     Spirit   .   (helmet currently unavailable)
rPois    .         Reflect  .   (no amulet)
rElec    .         Harm     .   (no ring)
rCorr    .         Rampage  .   (no ring)
Will     .....                  (no ring)
Stlth    ++........             (no ring)
HPRegen  0.06/turn              (no ring)
MPRegen  0.09/turn              (no ring)
                                (no ring)
                                (no ring)

@: appendages (expiring)
A: tentacle spike 3, almost no armour, amphibious, 8 rings, camouflage 1,
gelatinous body 1, (nimble swimmer 1), tentacles
a: End Transformation


You were on level 2 of the Dungeon.
One of your tentacles had grown a beastly spike.
You visited 1 branch of the dungeon, and saw 2 of its levels.

You collected 35 gold pieces.
You spent 28 gold pieces at shops.

Inventory:

Scrolls
 a - a scroll of blinking {unknown}
 b - 3 scrolls of identify
 d - 2 scrolls of teleportation {unknown}
Potions
 c - a potion of mutation {unknown}


   Skills:
 - Level 1.0 Fighting
 - Level 2.0 Dodging
 + Level 4.0 Unarmed Combat
 - Level 2.0 Spellcasting
 - Level 2.0 Transmutations


You had 4 spell levels left.
You knew the following spells:

 Your Spells              Type           Power      Damage    Failure   Level
a - Beastly Appendage     Tmut           14%        N/A       10%         1

Your spell library contained the following spells:

 Spells                   Type           Power      Damage    Failure   Level
 Wereblood                Tmut           7%         N/A       14%         2
 Corpse Rot               Necr/Air       N/A        N/A       32%         2
 Spider Form              Tmut/Pois      2%         N/A       41%         3
 Ice Form                 Ice/Tmut       4%         N/A       82%         4
 Hydra Form               Tmut           3%         N/A       95%         5
 Conjure Ball Lightning   Conj/Air       0%         3x3d6     100%        6


Dungeon Overview and Level Annotations

Branches:
Dungeon (2/15)

Altars:
Sif Muna

Shops:
D:2 *

Annotations:
D:2 Sigmund


Innate Abilities, Weirdness & Mutations

One of your tentacles has grown a beastly spike.
You cannot wear most types of armour.
You are amphibious.
You can wear up to eight rings at the same time.
Your skin changes colour to match your surroundings (Stealth+).
Your rubbery body absorbs attacks. (AC +1, EV +1)
((You are camouflaged near water. (Stealth+)))
You have tentacles for arms and can constrict up to eight enemies at once.


Message History

You tentacle-slap the goblin.
You kill the goblin!
Your Unarmed Combat skill increases to level 4!
No target in view!
No target in view!
No target in view!
No target in view!
No target in view!
No target in view!
No target in view!
No target in view!
No target in view!
No target in view!
No target in view!
No target in view!
No target in view!
No target in view!
No target in view!
No target in view!
HP restored.
You see here a +0 club. 2 hobgoblins and Sigmund come into view.
Sigmund is wielding a +1 vorpal scythe.
Sigmund shouts!
The hobgoblin shouts!
Sigmund points at you and mumbles some strange words.
The puff of flame misses you.
There are monsters nearby!
There are monsters nearby!
There are monsters nearby!
Casting: Beastly Appendage (safe; 10% risk of failure)
Confirm with . or Enter, or press ? or * to list all spells.
One of your tentacles grows a vicious spike.
Sigmund laughs darkly.
Sigmund hits you from afar with a +1 vorpal scythe.
A worm comes into view.
Your transformation is almost over.
Sigmund points at you and mumbles some strange words.
The puff of flame hits you!
Ouch! That really hurt!
You die...

#.......######.......
#............#.......
#............#.......
###.....##.....#.......
...............#.......
...........@..g........
###.....##.####.###...
..'......#.# #.#
###......#@# #.#
#....).#.# #..
#........# ##+####
#.....#..##.......
####.............#
#....###.##......#
.................#
......###...##.##.#
...... #..........


You could see Sigmund.

Vanquished Creatures
  A dart slug (D:1)
  A ball python (D:2)
  A bat (D:1)
  An endoplasm (D:1)
  A giant cockroach (D:1)
  2 hobgoblins (D:1)
  2 frilled lizards
  4 goblins
  2 kobolds
  2 rats (D:1)
17 creatures vanquished.

Notes
Turn   | Place    | Note
-------+----------+-------------------------------------------
     0 | D:1      | gruber the Octopode Transmuter began the quest for the Orb.
     0 | D:1      | Reached XP level 1. HP: 13/13 MP: 3/3
   132 | D:1      | Identified the Incunabulum of Changing and Flight
   214 | D:1      | Reached XP level 2. HP: 18/18 MP: 5/5
  1127 | D:2      | Found a shimmering blue altar of Sif Muna.
  1211 | D:2      | Found Fag Yhuu's General Store.
  1253 | D:2      | Bought a scroll of identify for 28 gold pieces
  1295 | D:2      | Reached skill level 4 in Unarmed Combat
  1370 | D:2      | Noticed Sigmund
  1379 | D:2      | Killed from afar by Sigmund

Illustrated notes

Levels and vault maps discovered:
D:1:      kennysheep_arrival_forest, layout_basic
D:2:      layout_basic, kennysheep_slug_shrine, serial_shops, shop,
          lemuel_blue_sif_altar, uniq_sigmund, uniq_jessica

Skill      XL: |  1  2 |
---------------+-------+-----
Unarmed Combat | 4 |  4.0
Fighting       | |  1.0
Dodging        | |  2.0
Spellcasting   | |  2.0
Transmutations | |  2.0

Action                   || total
-------------------------++-------
Melee: Unarmed           ||    32
       Constrict         ||     7
       Punch             ||     5
       Tentacles         ||     4
 Cast: Beastly Appendage ||     2
  Use: Scroll            ||     1
 Stab: Sleeping          ||     5
Armor: Skin              ||     2
Dodge: Dodged            ||    18

Table legend: (Time is in decaauts)
 A = Elapsed time spent in this place.
 B = Non-inter-level travel time spent in this place.
 C = Inter-level travel time spent in this place.
 D = Time resting spent in this place.
 E = Time spent auto-exploring this place.
 F = Levels seen in this place.
 G = Mean time per level.
                   A        B        C        D        E       F      G
               +--------+--------+--------+--------+--------+-----+--------+
         Total |   1376 |   1318 |     58 |      0 |   1204 |   2 |  688.0 |
       Dungeon |   1376 |   1318 |     58 |      0 |   1204 |   2 |  688.0 |
               +--------+--------+--------+--------+--------+-----+--------+

Top non-repeatable levels by time:
     D:1: 1064 daAuts
     D:2: 311 daAuts
